 Dungeon Crawl Stone Soup version 0.27-a0-1456-gf5a116941d (webtiles) character file.

Game seed: 14078097100062543709

109 quinnr the Gusty (level 4, -2/24 HPs)
             Began as a Tengu Air Elementalist on July 5, 2021.
             Killed by divine providence
             ... invoked by an orc priest
              (13 damage)
             ... on level 3 of the Dungeon.
             The game lasted 00:07:23 (2978 turns).

quinnr the Gusty (Tengu Air Elementalist)           Turns: 2978, Time: 00:07:24

Health: -2/24      AC:  3    Str:  8    XL:     4   Next: 90%
Magic:  2/8        EV: 12    Int: 16    God:
Gold:   113        SH:  0    Dex: 15    Spells: 0/7 levels left

rFire    . . .     SeeInvis .   (no weapon)
rCold    . . .     Faith    .   (no shield)
rNeg     . . .     Spirit   .   a - +0 robe
rPois    .         Reflect  .   (helmet restricted)
rElec    .         Harm     .   (no cloak)
rCorr    .         Rampage  .   d - +0 pair of gloves
Will     .....                  (boots unavailable)
Stlth    ++........             (no amulet)
HPRegen  0.08/turn              (no ring)
MPRegen  0.11/turn              (no ring)

@: no status effects
A: beak, talons 3
a: no special abilities


You were on level 3 of the Dungeon.
You visited 1 branch of the dungeon, and saw 3 of its levels.

You collected 113 gold pieces.

Inventory:

Armour
 a - a +0 robe (worn)
 d - a +0 pair of gloves (worn)
Scrolls
 c - a scroll of magic mapping {unknown}
 g - a scroll of blinking {unknown}
 h - a scroll of enchant weapon {unknown}
 i - a scroll of immolation {unknown}
 j - 2 scrolls of summoning {unknown}
 l - a scroll of amnesia {unknown}
Potions
 b - a potion of attraction {unknown}
 e - a potion of degeneration {unknown}
 f - a potion of ambrosia {unknown}
 k - a potion of flight {unknown}
 m - a potion of magic {unknown}


   Skills:
 - Level 2.1 Dodging
 - Level 2.0 Stealth
 - Level 2.0 Spellcasting
 - Level 1.3 Conjurations
 + Level 7.2 Air Magic


You couldn't memorise any spells.
You knew the following spells:

 Your Spells              Type           Power      Damage    Failure   Level
a - Shock                 Conj/Air       60%        1d6       3%          1
b - Airstrike             Air            12%        N/A       11%         4
c - Poisonous Vapours     Pois/Air       26%        N/A       7%          2

Your spell library contained the following spells:

 Spells                   Type           Power      Damage    Failure   Level
 Swiftness                Air            24%        N/A       3%          3
 Static Discharge         Conj/Air       15%        N/A       5%          2
 Animate Skeleton         Necr           2%         N/A       21%         1
 Pain                     Necr           4%         1d4       21%         1
 Sting                    Tmut/Pois      4%         1d3       21%         1
 Vampiric Draining        Necr           0%         2d6       52%         3
 Olgreb's Toxic Radiance  Pois           1%         N/A       90%         4


Dungeon Overview and Level Annotations

Branches:
Dungeon (3/15)

Altars:
Uskayaw


Innate Abilities, Weirdness & Mutations

You have a beak for a mouth.
You have claws for feet.


Message History

Press: ? - help, Shift-Dir - straight line, f - endoplasm, p - orc
Aim: an endoplasm (wandering, hasn't noticed you, 98% to hit)
The zap hits the endoplasm.
The endoplasm is lightly wounded.
The endoplasm quivers.
Unknown command.
Casting: Shock (safe; 3% risk of failure)
Confirm with . or Enter, or press ? or * to list all spells.
Aiming: Shock (safe; 3% risk of failure)
Press: ? - help, Shift-Dir - straight line, f/p - endoplasm
Aim: an endoplasm (lightly wounded, 98% to hit)
The zap hits the endoplasm.
The endoplasm is almost dead.
Unknown command.
Unknown command.
Casting: Shock (safe; 3% risk of failure)
Confirm with . or Enter, or press ? or * to list all spells.
Aiming: Shock (safe; 3% risk of failure)
Press: ? - help, Shift-Dir - straight line, f/p - endoplasm
Aim: an endoplasm (almost dead, 98% to hit)
The zap hits the endoplasm.
You kill the endoplasm!
Unknown command.
Casting: Shock (safe; 3% risk of failure)
Confirm with . or Enter, or press ? or * to list all spells.
You don't have enough magic to cast this spell.
Unknown command.
The orc misses you.
You barely miss the orc.
An orc priest comes into view. It is wielding a +0 short sword.
The orc hits you with a +0 flail.
You closely miss the orc.
The orc priest shouts!
Your kick misses the orc.
The orc priest calls down the wrath of Beogh upon you.
Beogh smites you! The orc closely misses you.
The orc priest calls down the wrath of Beogh upon you.
Beogh smites you!
Ouch! That really hurt!
You die...

....#
#.................#
#.).#
#.................#
#.o.#
#...........####.##
#...# #.......#####
#.# #...# #.......#
#.. #...# #.......#
### #...# #.......#
#...#####......<#
#......o....o.@.#
#...####........#
##..............#
####..............#
..................#
...<..##.#........#
.........#.########
......####.....#
......# #####)#


You could see an orc priest and an orc.

Vanquished Creatures
  Terence (D:2)
  An adder (D:2)
  2 worms (D:2)
  A dart slug (D:1)
  4 orcs (D:3)
  4 bats
  8 endoplasms
  A giant cockroach (D:2)
  4 goblins
  5 hobgoblins
  7 jackals (D:1)
  2 quokkas (D:1)
  5 ball pythons
  6 frilled lizards
  4 kobolds
  5 rats
60 creatures vanquished.

Notes
Turn   | Place    | Note
-------+----------+-------------------------------------------
     0 | D:1      | quinnr the Tengu Air Elementalist began the quest for the
                  | Orb.
     0 | D:1      | Reached XP level 1. HP: 10/10 MP: 4/4
   188 | D:1      | Reached XP level 2. HP: 15/15 MP: 1/6
   449 | D:1      | Reached skill level 5 in Air Magic
   677 | D:1      | Reached XP level 3. HP: 19/19 MP: 3/7
  1375 | D:2      | Reached skill level 6 in Air Magic
  1736 | D:2      | Noticed Terence
  1774 | D:2      | Killed Terence
  1775 | D:2      | Reached XP level 4. HP: 16/24 MP: 1/8
  2107 | D:2      | Learned a level 4 spell: Airstrike
  2703 | D:2      | Reached skill level 7 in Air Magic
  2796 | D:3      | Learned a level 2 spell: Poisonous Vapours
  2922 | D:3      | Found a hide-covered altar of Uskayaw.
  2978 | D:3      | Killed from afar by an orc priest

Illustrated notes

Levels and vault maps discovered:
D:1:      lemuel_arrival_rhombus, layout_rooms
D:2:      kb_forest_paths, layout_basic, uniq_terence
D:3:      layout_basic, nicolae_uskayaw_suspiria

Skill      XL: |  1  2  3  4 |
---------------+-------------+-----
Air Magic      | 5 6 7 |  7.2
Dodging        | |  2.1
Stealth        | |  2.0
Spellcasting   | |  2.0
Conjurations   | |  1.3

Action                   |  1- 3 |  4- 6 || total
-------------------------+-------+-------++-------
Melee: Unarmed           |     6 |     2 ||     8
       Kick              |     1 |       ||     1
 Cast: Shock             |    78 |    54 ||   132
Armor: Robe              |    14 |       ||    14
Dodge: Dodged            |    31 |     2 ||    33

Table legend: (Time is in decaauts)
 A = Elapsed time spent in this place.
 B = Non-inter-level travel time spent in this place.
 C = Inter-level travel time spent in this place.
 D = Time resting spent in this place.
 E = Time spent auto-exploring this place.
 F = Levels seen in this place.
 G = Mean time per level.
                   A        B        C        D        E       F      G
               +--------+--------+--------+--------+--------+-----+--------+
         Total |   2979 |   2777 |    202 |    114 |   2284 |   3 |  993.0 |
       Dungeon |   2979 |   2777 |    202 |    114 |   2284 |   3 |  993.0 |
               +--------+--------+--------+--------+--------+-----+--------+

Top non-repeatable levels by time:
     D:2: 1490 daAuts
     D:1: 1296 daAuts
     D:3: 192 daAuts
